 Dungeon Crawl Stone Soup version 0.22-a0-268-g1cc83efe17 (webtiles) character file.

441 RedPan the Insei (level 6, -16/49 HPs)
             Began as a Demonspawn Monk on Mar 9, 2018.
             Demolished by a two-headed ogre
             ... wielding a +0 giant club
              (17 damage)
             ... on level 4 of the Dungeon.
             The game lasted 00:05:23 (3371 turns).

RedPan the Insei (Demonspawn Monk)                  Turns: 3371, Time: 00:05:24

Health: -16/49     AC: 11    Str: 13    XL:     6   Next: 70%
Magic:  6/6        EV: 12    Int: 15    God:
Gold:   153        SH:  0    Dex: 15    Spells: 5/5 levels left

rFire    + . .     SeeInvis +     - Unarmed
rCold    + . .     Gourm    .   (no shield)
rNeg     . . .     Faith    .   h - +0 ring mail
rPois    .         Spirit   .   (no helmet)
rElec    .         Reflect  .   n - scarf {rC+ rF+}
rCorr    .         Harm     .   (no gloves)
MR       .....                  (no boots)
Stlth    ++........             (no amulet)
HPRegen  0.16/turn              i - +3 ring of intelligence (curse)
MPRegen  0.10/turn              a - ring of see invisible

@: sanguine armour
A: claws 2, nightstalker 1, sanguine armour 1
a: no special abilities


You were on level 4 of the Dungeon.
You were hungry.

You visited 1 branch of the dungeon, and saw 4 of its levels.

You collected 153 gold pieces.

Inventory:

Missiles
 l - 2 throwing nets (quivered)
Armour
 h - a +0 ring mail (worn)
 n - a scarf of resistance (worn)
 s - a +0 cloak
Jewellery
 a - a ring of see invisible (right claw)
 i - a cursed +3 ring of intelligence (left claw)
Wands
 r - a wand of flame (49)
Scrolls
 e - 2 scrolls of remove curse
 j - a scroll of magic mapping
Potions
 c - a potion of heal wounds {unknown}
 d - 2 potions of curing {unknown}
 f - 2 potions of brilliance
 g - a potion of ambrosia {unknown}
 m - a potion of degeneration {unknown}
Comestibles
 b - 7 rations


   Skills:
 + Level 4.5 Fighting
 + Level 4.1 Dodging
 - Level 1.7 Stealth
 * Level 5.3 Unarmed Combat


You had 5 spell levels left.
You didn't know any spells.

Dungeon Overview and Level Annotations

Branches:
Dungeon (4/15)
 Temple: D:4-7

Altars:


Innate Abilities, Weirdness & Mutations

You have very sharp fingernails.
You are slightly more attuned to the shadows.
When seriously injured, your bleeding wounds create armour. (AC +6)


Message History

You claw the two-headed ogre!
The two-headed ogre is moderately wounded.
The two-headed ogre misses you.
The two-headed ogre completely misses you.
You claw the two-headed ogre!
The two-headed ogre is heavily wounded.
The two-headed ogre hits you with a giant club!
The two-headed ogre misses you.
You claw the two-headed ogre!
The two-headed ogre is severely wounded.
You claw the two-headed ogre!
The two-headed ogre is almost dead.
The two-headed ogre hits you with a giant club!
Your blood congeals into armour.
The two-headed ogre hits you with a giant club!
* * * LOW HITPOINT WARNING * * *
You scratch the two-headed ogre.
The two-headed ogre is almost dead.
The two-headed ogre hits you with a giant club!
You die...

#..# ##..##### ## #
.....O@.##.##.#
##..###.#.#.#.#
#..........#..#
#.............
#.##.#.##...#.####
..........<......#
.....####...#......#
..... ##.#.......#
.... #.##.....##


You could see a two-headed ogre.

Vanquished Creatures
  Sigmund (D:3)
  An ice beast (D:3)
  A howler monkey (D:2)
  Crazy Yiuf (D:2)
  Terence (D:2)
  3 adders
  2 oozes
  2 worms
  2 leopard geckos (D:2)
  4 orcs (D:3)
  5 giant cockroaches
  7 goblins
  7 hobgoblins
  4 jackals (D:2)
  8 bats
  4 frilled lizards (D:2)
  6 kobolds
  A leopard gecko skeleton (D:4)
  2 rats
62 creatures vanquished.

Notes
Turn   | Place    | Note
-------+----------+-------------------------------------------
     0 | D:1      | RedPan the Demonspawn Monk began the quest for the Orb.
     0 | D:1      | Reached XP level 1. HP: 18/18 MP: 1/1
   238 | D:1      | Reached skill level 3 in Unarmed Combat
   238 | D:1      | Gained mutation: You have sharp fingernails. [demonic ancestry]
   238 | D:1      | Reached XP level 2. HP: 10/24 MP: 2/2
  1148 | D:2      | Found a faded altar of an unknown god.
  1222 | D:2      | Gained mutation: You have very sharp fingernails. [demonic ancestry]
  1222 | D:2      | Reached XP level 3. HP: 23/29 MP: 3/3
  1666 | D:2      | Gained mutation: When seriously injured, your bleeding wounds create armour. (AC +6) [demonic ancestry]
  1666 | D:2      | Reached XP level 4. HP: 35/37 MP: 4/4
  1807 | D:2      | Reached skill level 4 in Unarmed Combat
  1844 | D:2      | Noticed Terence
  1857 | D:2      | Killed Terence
  2080 | D:2      | Found a runed door.
  2084 | D:2      | Noticed Crazy Yiuf
  2088 | D:2      | Killed Crazy Yiuf
  2088 | D:2      | Reached XP level 5. HP: 13/42 MP: 5/5
  2366 | D:3      | Noticed an ice beast
  2380 | D:3      | Killed an ice beast
  2707 | D:3      | Noticed Sigmund
  2726 | D:3      | Killed Sigmund
  2726 | D:3      | Reached skill level 5 in Unarmed Combat
  2726 | D:3      | Gained mutation: You are slightly more attuned to the shadows. [demonic ancestry]
  2726 | D:3      | Reached XP level 6. HP: 29/49 MP: 6/6
  3364 | D:4      | Noticed a two-headed ogre
  3370 | D:4      | HP: 1/49 [two-headed ogre/giant club (16)]
  3371 | D:4      | Demolished by a two-headed ogre

Vault maps used:
D:1:      eino_arrival_water_star, minmay_tromino_v2
D:2:      chequers_ecumenical_altar_simple_redux, uniq_terence,
          uniq_crazy_yiuf_cottage
D:3:      first_ration, uniq_sigmund
D:4:      nicolae_overflow_crystal_walls

Skill      XL: |  1  2  3  4  5 |
---------------+----------------+-----
Unarmed Combat | 3 4 5 |  5.3
Dodging        | 3 4 |  4.1
Fighting       | 4 |  4.5
Stealth        | |  1.7

Action                   |  1- 3 |  4- 6 || total
-------------------------+-------+-------++-------
Melee: Unarmed           |   151 |    89 ||   240
       Punch             |     1 |     2 ||     3
  Use: Scroll            |       |     9 ||     9
 Stab: Sleeping          |     1 |     4 ||     5
  Eat: Chunk             |     2 |     5 ||     7
Armor: Robe              |     9 |       ||     9
       Ring mail         |    40 |    22 ||    62
Dodge: Dodged            |    92 |    29 ||   121

Table legend:
 A = Spawn XP
 B = Non-spawn XP
 C = Spawn XP percentage of total XP
 D = Spawn monster count
 E = Non-spawn monster count
 F = Spawn count percentage of total count
 G = Total turns spent on level
                    A         B        C        D         E        F      G
               +---------+---------+-------+---------+---------+-------+---------
         Total |       0 |     630 |   0.0 |       0 |      62 |   0.0 |  3371
               +---------+---------+-------+---------+---------+-------+---------
           D:1 |       0 |      31 |   0.0 |       0 |      16 |   0.0 |  1128
           D:2 |       0 |     196 |   0.0 |       0 |      26 |   0.0 |  1224
           D:3 |       0 |     402 |   0.0 |       0 |      19 |   0.0 |   987
           D:4 |       0 |       1 |   0.0 |       0 |       1 |   0.0 |    32
               +---------+---------+-------+---------+---------+-------+---------
